 Dungeon Crawl Stone Soup version 0.29.1-15-g9cfb28693d (webtiles) character file.

Game seed: 2628357329102367312

14 Revguard the Ducker (level 2, 22/22 HPs)
             Began as a Demonspawn Gladiator on Mar 13, 2023.
             Got out of the dungeon alive.
             The game lasted 00:02:06 (576 turns).

Revguard the Ducker (Demonspawn Gladiator)           Turns: 576, Time: 00:02:06

Health: 22/22      AC:  4    Str: 14    XL:     2   Next: 31%
Magic:  2/2        EV: 12    Int:  9    God:
Gold:   24         SH:  0    Dex: 14    Spells: 1/1 levels left

rFire   . . .      SeeInvis .   a - +0 long sword
rCold   . . .      Faith    .   (no shield)
rNeg    . . .      Spirit   .   b - +0 leather armour
rPois   .          Reflect  .   c - +0 helmet
rElec   .          Harm     .   (no cloak)
rCorr   .          Rampage  .   (no gloves)
Will    .....                   (no boots)
Stlth   +.........              (no amulet)
HPRegen 0.07/turn               (no ring)
MPRegen 0.08/turn               (no ring)

@: no status effects
A: demonic guardian 1
a: no special abilities


You escaped.
You visited 1 branch of the dungeon, and saw 1 of its levels.

You collected 24 gold pieces.

Inventory:

Hand Weapons
 a - a +0 long sword (weapon)
Missiles
 d - 3 throwing nets (quivered)
 e - a javelin
Armour
 b - a +0 leather armour (worn)
 c - a +0 helmet (worn)
Potions
 f - a potion of might {unknown}
 g - a potion of flight {unknown}


   Skills:
 + Level 2.0 Fighting
 + Level 2.7 Long Blades
 - Level 1.7 Throwing
 + Level 0.4 Armour
 * Level 3.0 Dodging
 + Level 0.6 Stealth
 + Level 0.4 Invocations
 + Level 0.2 Evocations


You had one spell level left.
You didn't know any spells.
Your spell library was empty.

Dungeon Overview and Level Annotations

Branches:
Dungeon (1/15)

Altars:


Innate Abilities, Weirdness & Mutations

A weak demonic guardian rushes to your aid.


Message History

Your white imp closely misses the bat.
The bat closely misses you. The bat misses you. The bat barely misses you.
The bat hits you.
* * * LOW HITPOINT WARNING * * *
The bat barely misses you.
Your white imp hits the bat.
The bat dies!
The bat barely misses you. The bat hits you.
* * * LOW HITPOINT WARNING * * *
The bat barely misses your white imp.
The bat hits your white imp but does no damage.
Your white imp closely misses the bat.
The bat barely misses you.
Your white imp hits the bat.
Your white imp freezes the bat.
The bat dies!
Your white imp disappears in a puff of smoke!
HP restored.
Things that are here:
a +2 dagger of flaming; a bat skeleton
Found a mace.
Found 4 curare-tipped darts.
A goblin comes into view. It is wielding a +0 dagger.
The goblin shouts!
A goblin is nearby!
Found a hand axe.
There is a faded altar of an unknown god here.
You slash the goblin!
You kill the goblin!
Your Dodging skill increases to level 3!
Things that are here:
a +0 dagger; a goblin corpse
There is a faded altar of an unknown god here.
g - a lumpy clear potion
(D) Dungeon
Where to? (? - help)
Okay, then.
Found a leather armour.
There is a staircase leading out of the dungeon here.
Are you sure you want to leave the Dungeon?
This will make you lose the game!
You have escaped!

#.......# #..........#
#.......# #..........#
รท.#....####..........#
..#..................#
..........#..#....#..#
#............#....# #
#............#....#
#............#....#
#.......)..###.>@.#
#.......(..# ######
##........##
#..........#
#..........#
...........#
#............
#............
.....(.....


There were no monsters in sight!

Vanquished Creatures
  2 dart slugs (D:1)
  A bat (D:1)
  An endoplasm (D:1)
  3 goblins (D:1)
  A quokka (D:1)
  A rat (D:1)
9 creatures vanquished.

Vanquished Creatures (collateral kills)
  2 bats (D:1)
2 creatures vanquished.

Grand Total: 11 creatures vanquished

Notes
Turn   | Place    | Note
-------+----------+-------------------------------------------
     0 | D:1      | Revguard the Demonspawn Gladiator began the quest for the
                  | Orb.
     0 | D:1      | Reached XP level 1. HP: 16/16 MP: 1/1
    24 | D:1      | Gained mutation: A weak demonic guardian rushes to your
                  | aid. [demonic ancestry]
    24 | D:1      | Reached XP level 2. HP: 10/22 MP: 2/2
   217 | D:1      | Found a faded altar of an unknown god.
   533 | D:1      | Reached skill level 3 in Dodging
   576 | D:$      | Got out of the dungeon alive.

Illustrated notes

Levels and vault maps discovered:
D:1:      dpeg_arrival_fog, layout_rooms, hellmonk_ecumenical_altar_lost_god,
          minmay_close_crescents

Skill      XL: |  1  2 |
---------------+-------+-----
Dodging        | 3 |  3.0
Fighting       | |  2.0
Long Blades    | |  2.7
Throwing       | |  1.7
Armour         | |  0.4
Stealth        | |  0.6
Invocations    | |  0.4
Evocations     | |  0.2

Action                   || total
-------------------------++-------
Melee: Long sword        ||    19
Armor: Leather armour    ||    31
Dodge: Dodged            ||    74
